 Dungeon Crawl Stone Soup version 0.24-a0-504-gcfb02b9d07 (webtiles) character file.

Game seed: 4135304410455182437

63 Mithandil the Conjurer (level 3, -4/19 HPs)
             Began as a Deep Elf Conjurer on July 16, 2019.
             Killed by divine providence
             ... invoked by an orc priest
              (11 damage)
             ... on level 2 of the Dungeon.
             The game lasted 00:09:41 (1446 turns).

Mithandil the Conjurer (Deep Elf Conjurer)          Turns: 1446, Time: 00:09:42

Health: -4/19      AC:  4    Str:  6    XL:     3   Next: 87%
Magic:  5/10       EV: 12    Int: 19    God:
Gold:   82         SH:  0    Dex: 15    Spells: 7/10 levels left

rFire    . . .     SeeInvis .   a - +0 dagger
rCold    . . .     Gourm    .   (no shield)
rNeg     . . .     Faith    .   g - +0 leather armour
rPois    .         Spirit   .   (no helmet)
rElec    .         Reflect  .   m - +0 cloak
rCorr    .         Harm     .   (no gloves)
MR       .....                  (no boots)
Stlth    ++........             (no amulet)
HPRegen  0.06/turn              (no ring)
MPRegen  0.12/turn              (no ring)

@: no status effects
A: no striking features
a: no special abilities


You were on level 2 of the Dungeon.
You were not hungry.

You visited 1 branch of the dungeon, and saw 3 of its levels.

You collected 82 gold pieces.

Inventory:

Hand Weapons
 a - a +0 dagger (weapon)
 b - a +0 short sword
Missiles
 j - 35 stones (quivered)
 k - 15 arrows
Armour
 e - a cursed +0 ring mail
 g - a +0 leather armour (worn)
 m - a +0 cloak (worn)
 o - a +0 ring mail
Wands
 r - a wand of acid (7)
Scrolls
 d - a scroll of blinking {unknown}
 f - a scroll of immolation {unknown}
 h - a scroll of fog {unknown}
 n - 2 scrolls of teleportation {unknown}
Potions
 i - 2 potions of lignification {unknown}
 l - 2 potions of curing {unknown}
 p - 3 potions of degeneration {unknown}
 s - a potion of heal wounds {unknown}
 t - a potion of haste {unknown}
Comestibles
 c - 4 rations


   Skills:
 - Level 2.4 Dodging
 + Level 3.3 Stealth
 * Level 4.3 Spellcasting
 * Level 5.1 Conjurations


You had 7 spell levels left.
You knew the following spells:

 Your Spells              Type           Power        Failure   Level  Hunger
a - Magic Dart            Conj           ###.         2%          1    None
b - Searing Ray           Conj           ###...       3%          2    #......

Your spell library contained the following spells:

 Spells                   Type           Power        Failure   Level  Hunger
 Dazzling Spray           Conj/Hex       ##....       22%         3    ###....
 Iskenderun's Mystic Bla  Conj           ###.....     26%         4    ####...
 Force Lance              Conj/Tloc      ##......     58%         4    ####...
 Fulminant Prism          Conj/Hex       ##........   58%         4    ####...


Dungeon Overview and Level Annotations

Branches:
Dungeon (3/15)

Altars:
Okawaru


Message History

You kill the orc!
Casting: Magic Dart (safe; 2% risk of failure)
Confirm with . or Enter, or press ? or * to list all spells.
Aiming: Magic Dart (safe; 2% risk of failure)
Press: ? - help, Shift-Dir - straight line, f - orc priest
Aim: an orc priest, wielding a +0 whip and wearing a +0 leather armour The magic dart hits the orc priest!
The orc priest is heavily wounded.
The orc priest miscasts a cantrip.
Casting: Magic Dart (safe; 2% risk of failure)
Confirm with . or Enter, or press ? or * to list all spells.
Aiming: Magic Dart (safe; 2% risk of failure)
Press: ? - help, Shift-Dir - straight line, f/p - orc priest
Aim: an orc priest, wielding a +0 whip and wearing a +0 leather armour (heavily wounded)
The magic dart hits the orc priest.
The orc priest is heavily wounded.
The orc priest invokes the aid of Beogh against you.
Beogh smites you!
Ouch! That really hurt!
You die...

....#.....# #.. .#
....#.....# #.####†#
##÷##.....# #.##.#.#
##........# #.##.#.#
##.......## ####.#....#
##......## #.........#
##.÷..#######.##.###[.#
......'..........oo.>.#
......#######.##@####.#
......÷.......##.# .#
##..############.# .#
##.# #.# .# #.# ... .#
#.# ### .# #.# ..


You could see an orc priest and an orc.

Vanquished Creatures
  2 adders (D:2)
  An ooze (D:2)
  2 dart slugs
  2 leopard geckos (D:2)
  2 orcs (D:2)
  4 goblins
  3 hobgoblins (D:1)
  3 jackals (D:1)
  4 kobolds (D:1)
  A ball python (D:2)
  A bat (D:1)
  5 frilled lizards
  5 rats
35 creatures vanquished.

Notes
Turn   | Place    | Note
-------+----------+-------------------------------------------
     0 | D:1      | Mithandil the Deep Elf Conjurer began the quest for the
                  | Orb.
     0 | D:1      | Reached XP level 1. HP: 10/10 MP: 6/6
   272 | D:1      | Reached XP level 2. HP: 9/15 MP: 0/8
   283 | D:1      | Learned a level 2 spell: Searing Ray
   994 | D:2      | Reached XP level 3. HP: 19/19 MP: 7/10
  1120 | D:2      | Reached skill level 5 in Conjurations
  1184 | D:2      | Found an iron altar of Okawaru.
  1446 | D:2      | Killed from afar by an orc priest

Levels and vault maps discovered:
D:1:      dpeg_arrival_rooms_a, layout_basic, serial_corexii_hall,
          chequers_hall_statues_wall_a, corexii_hall_statues_x
D:2:      layout_basic, first_ration, kennysheep_okawaru_gauntlet
D:3:      cheibrodos_thug_alley, layout_loops_ring,
          nicolae_overflow_hidden_temple, uniq_terence

Skill      XL: |  1  2  3 |
---------------+----------+-----
Stealth        | 3 |  3.3
Spellcasting   | 4 |  4.3
Conjurations   | 5 |  5.1
Dodging        | |  2.4

Action                   || total
-------------------------++-------
Melee: Short sword       ||     1
 Cast: Magic Dart        ||    76
  Eat: Chunk             ||     1
Armor: Leather armour    ||     6
       Robe              ||     1
Dodge: Dodged            ||    24

Table legend:
 A = Non-vault XP
 B = Vault XP
 C = Vault XP percentage of total XP
 D = Non-vault monster count
 E = Vault monster count
 F = Vault count percentage of total count
                 A         B        C        D         E       F
            +---------+---------+-------+---------+---------+-------
      Total |      86 |       4 |   4.4 |      33 |       2 |   5.7
            +---------+---------+-------+---------+---------+-------
        D:1 |      30 |       0 |   0.0 |      18 |       0 |   0.0
        D:2 |      56 |       4 |   6.7 |      15 |       2 |  11.8
            +---------+---------+-------+---------+---------+-------
